 Dungeon Crawl Stone Soup version 0.31.0-11-ge490571c62 (webtiles) character file.

Game seed: 2759424469038484982

1055 puppykicker the Twirler (level 8, -2/37 HPs)
             Began as a Spriggan Gladiator on Jan 30, 2024.
             Succumbed to an orc's poison
             ... on level 6 of the Dungeon.
             The game lasted 00:12:47 (5431 turns).

puppykicker the Twirler (Spriggan Gladiator)        Turns: 5431, Time: 00:12:48

Health: -2/37      AC:  6    Str: 12    XL:     8   Next: 5%
Magic:  17/17      EV: 18    Int: 10    God:
Gold:   332        SH:  4    Dex: 16    Spells: 7/7 levels left

rFire   . . .        a - +0 quarterstaff
rCold   . . .        (shield currently unavailable)
rNeg    . . .        w - +0 robe
rPois   +            c - +0 hat
rElec   .            (no cloak)
rCorr   .            (gloves unavailable)
SInv    +            (boots unavailable)
Will    +....        (no amulet)
Stlth   +            j - ring of magical power {MP+9}
HPRegen 0.26/turn    x - +4 ring of protection
MPRegen 0.15/turn

%: no passive effects
@: mighty, lethally poisoned (-2 -> -12), very quick
A: very small, no large weapons, unfitting armour, see invisible, speed 3, claws
1, large bone plates 1, low MP 1, poison resistance
a: no special abilities


You were on level 6 of the Dungeon.
You visited 1 branch of the dungeon, and saw 6 of its levels.

You collected 332 gold pieces.

Inventory:

Hand Weapons
 a - a +0 quarterstaff (weapon)
 b - a +0 spear
 h - a +2 hand axe of flaming
Missiles
 d - 4 throwing nets
 e - 6 darts of dispersal
Armour
 c - a +0 hat (worn)
 w - a +0 robe (worn)
Jewellery
 j - a ring of magical power (left claw) {MP+9}
 t - a +6 ring of intelligence
 x - a +4 ring of protection (right claw)
Wands
 D - a wand of digging (2)
Scrolls
 g - a scroll of silence {unknown}
 i - 2 scrolls of torment {unknown}
 m - 4 scrolls of identify {unknown}
 o - a scroll of noise {unknown}
 p - a scroll of amnesia {unknown}
 v - a scroll of enchant armour {unknown}
 y - a scroll of poison {unknown}
 A - a scroll of revelation {unknown}
Potions
 k - a potion of magic {unknown}
 l - a potion of cancellation {unknown}
 n - a potion of lignification {unknown}
 q - 3 potions of curing {unknown}
 r - 2 potions of brilliance {unknown}
 s - 2 potions of degeneration {unknown}


   Skills:
 - Level 1.5 Fighting
 + Level 7.6 Staves
 - Level 2.0 Throwing
 - Level 4.0 Dodging


You had 7 spell levels left.
You didn't know any spells.
Your spell library contained the following spells:

 Spells                   Type           Power      Damage    Failure   Level
 Call Imp                 Summ           0%         N/A       50%         2
 Sublimation of Blood     Necr           0%         N/A       50%         2
 Volatile Blastmotes      Fire/Tloc      0%         2d10      75%         3
 Fulminant Prism          Conj/Alch      0%         3d5       98%         4
 Iskenderun's Mystic Bla  Conj/Tloc      0%         2d3       98%         4
 Summon Hydra             Summ           0%         N/A       100%        7


Dungeon Overview and Level Annotations

Branches:
Dungeon (6/15)
 Temple: D:4-7

Altars:
Ashenzari
Cheibriados
Gozag
Hepliaklqana
Nemelex Xobeh
Ru
Trog
Yredelemnul

Annotations:
D:5 3 runed translucent doors, SnakkuSnakku7's ghost, novice MfAE


Innate Abilities, Weirdness & Mutations

You are very small and have problems with some larger weapons.
You are too small for most types of armour.
You have supernaturally acute eyesight. (SInv)
You cover ground extremely quickly. (Speed+++)
You have sharp fingernails.
You are partially covered in large bone plates. (SH +4)
Your magical capacity is low. (-10% MP)
Your system is resistant to poisons. (rPois)


Message History

You take 6 damage, and have 20/37 hp.
You closely miss the orc.
The orc is severely wounded.
* * * LOW HITPOINT WARNING * * *
You feel very sick. The orc barely misses you.
You take 4 damage, and have 16/37 hp.
You hit the orc but do no damage.
The orc is severely wounded.
* * * LOW HITPOINT WARNING * * *
You feel very sick. The orc barely misses you.
You take 2 damage, and have 14/37 hp.
Unknown command.
You hit the orc.
The orc is almost dead.
* * * LOW HITPOINT WARNING * * *
You feel very sick. The orc hits you but does no damage.
You are lethally poisoned!
You take 3 damage, and have 11/37 hp.
* * * LOW HITPOINT WARNING * * *
You feel very sick.
You take 3 damage, and have 8/37 hp.
* * * LOW HITPOINT WARNING * * *
You feel very sick.
You take 3 damage, and have 5/37 hp.
It was a potion of might.
You feel very mighty all of a sudden.
* * * LOW HITPOINT WARNING * * *
You feel very sick.
You take 3 damage, and have 2/37 hp.
* * * LOW HITPOINT WARNING * * *
You feel sick.
You take 1 damage, and have 1/37 hp.
It was a potion of mutation.
You feel extremely strange.
You feel resistant to poisons.
You feel less energetic.
Your fingernails lengthen.
Large bone plates grow over parts of your arms.
You die...

### ..#
#.## #
#.######.[.
#.
#.o(.((.(#
#.#
##.######.#
#>###@##
#...##
##.## #.#
#.####
#.##..
#.##.#
#.##.#
#.##.#


You could see an orc.

Levels and vault maps discovered:
D:1:      minmay_arrival_checkered_box, layout_loops_cross
D:2:      layout_basic
D:3:      layout_basic, trog_wizard, minitemple,
          mainiacjoe_overflow_large_starburst, uniq_sigmund
D:4:      layout_loops_ring, ebering_ghost_rock_garden
D:5:      layout_basic, mainiacjoe_overflow_cross_hatched,
          gammafunk_ghost_necromancy, saegor_snake_ambush
D:6:      layout_loops_ring, nicolae_overflow_hidden_temple,
          minmay_temple_entry_statues, nicolae_the_louvre

Notes
Turn   | Place    | Note
-------+----------+-------------------------------------------
     0 | D:1      | puppykicker the Spriggan Gladiator began the quest for the
                  | Orb.
     0 | D:1      | Reached XP level 1. HP: 10/10 MP: 2/2
    64 | D:1      | Identified a +0 dagger
   311 | D:1      | Identified a +0 robe
   355 | D:1      | Identified a +0 robe
   381 | D:1      | Identified a +0 dagger
   474 | D:1      | Reached XP level 2. HP: 7/14 MP: 3/3
   552 | D:1      | Identified a +0 club
   552 | D:1      | Identified a +0 dagger
   628 | D:1      | Identified a +0 whip
   719 | D:1      | Reached skill level 3 in Staves
   865 | D:2      | Identified a +0 dagger
   879 | D:2      | Identified a ring of magical power
   885 | D:2      | Identified a +0 whip
   910 | D:2      | Identified a +0 dagger
   924 | D:2      | Reached XP level 3. HP: 16/18 MP: 4/4
  1041 | D:2      | Identified a +0 club
  1049 | D:2      | Identified a +0 robe
  1171 | D:2      | Identified a +0 dagger
  1212 | D:2      | Identified a +0 short sword
  1306 | D:2      | Identified a +0 short sword
  1454 | D:3      | Identified a +0 dagger
  1567 | D:3      | Identified a +6 ring of intelligence
  1609 | D:3      | Identified a +0 ring mail
  1649 | D:3      | Identified a +0 flail
  1699 | D:3      | Reached XP level 4. HP: 17/22 MP: 5/5
  1885 | D:3      | Found a hazy altar of Hepliaklqana.
  1889 | D:3      | Found a sparkling altar of Nemelex Xobeh.
  1889 | D:3      | Found a basalt altar of Yredelemnul.
  1894 | D:3      | Found a snail-covered altar of Cheibriados.
  2022 | D:3      | Found a broken altar of Ashenzari.
  2035 | D:3      | Found an opulent altar of Gozag.
  2184 | D:3      | Identified a +0 scythe
  2184 | D:3      | Identified a +0 robe
  2184 | D:3      | Noticed Sigmund
  2194 | D:3      | Killed Sigmund
  2195 | D:3      | Reached skill level 5 in Staves
  2195 | D:3      | Reached XP level 5. HP: 24/25 MP: 6/6
  2311 | D:3      | Identified a +0 leather armour
  2364 | D:3      | Found a bloodstained altar of Trog.
  2367 | D:3      | Noticed a wizard
  2374 | D:3      | Killed a wizard
  2464 | D:4      | Reached XP level 6. HP: 12/30 MP: 7/7
  2532 | D:4      | Identified a +0 giant club
  2655 | D:3      | Identified a +0 ring mail
  2716 | D:4      | Identified a +0 whip
  2768 | D:4      | Identified a +0 mace
  2784 | D:4      | Identified a +0 rapier
  2886 | D:4      | Found a runed translucent gate.
  2886 | D:4      | Noticed greatermn's ghost (amateur DECj)
  2888 | D:4      | Found a runed translucent gate.
  2889 | D:4      | Found a runed translucent gate.
  2892 | D:4      | Identified a +0 robe
  3192 | D:4      | Reached skill level 6 in Staves
  3238 | D:4      | HP: 3/30 [acid (8)]
  3285 | D:4      | Reached XP level 7. HP: 12/33 MP: 8/8
  3290 | D:4      | Identified a +0 spear
  3435 | D:4      | Identified a +0 spear
  3437 | D:4      | Identified a +0 club
  3444 | D:4      | Identified a +0 club
  3445 | D:4      | Identified a +0 whip
  3451 | D:4      | Identified a +0 dagger
  3451 | D:4      | Identified a +0 scale mail
  3452 | D:4      | Identified a +2 dagger of protection
  3452 | D:4      | Identified a +0 robe
  3453 | D:4      | Identified a +0 mace
  3453 | D:4      | Identified a +0 ring mail
  3463 | D:4      | Identified a +0 hand axe
  3464 | D:4      | Identified a +4 ring of protection
  3466 | D:4      | Identified a +2 hand axe of flaming
  3534 | D:4      | Identified a +0 pair of boots
  3827 | D:4      | Killed greatermn's ghost
  3959 | D:5      | Entered Level 5 of the Dungeon
  4106 | D:5      | HP: 8/33 [sleepcap (9)]
  4183 | D:5      | Identified a +0 quarterstaff
  4341 | D:5      | Identified a +0 flail
  4341 | D:5      | Identified a +0 leather armour
  4450 | D:5      | Identified a +0 falchion
  4468 | D:5      | Identified a +0 short sword
  4468 | D:5      | Identified a +0 ring mail
  4534 | D:5      | Reached skill level 7 in Staves
  4646 | D:5      | Found a runed translucent gate.
  4646 | D:5      | Found a runed translucent gate.
  4646 | D:5      | Found a runed translucent gate.
  4696 | D:5      | Found a sacrificial altar of Ru.
  4830 | D:5      | Identified a +0 sling
  4912 | D:5      | Identified a +0 giant club
  5066 | D:5      | Identified a +0 dagger
  5117 | D:5      | Reached XP level 8. HP: 37/37 MP: 9/9
  5234 | D:5      | Identified a +0 war axe
  5369 | D:5      | Identified a +0 dagger
  5376 | D:5      | Noticed SnakkuSnakku7's ghost (novice MfAE)
  5406 | D:6      | Identified a +0 war axe
  5412 | D:6      | Identified a +1 dagger of venom
  5412 | D:6      | Identified a +0 leather armour
  5427 | D:6      | HP: 8/37 [poisoned by an orc]
  5429 | D:6      | Identified a potion of might
  5429 | D:6      | HP: 2/37 [poisoned by an orc]
  5431 | D:6      | Identified a potion of mutation
  5431 | D:6      | Gained mutation: Your system is resistant to poisons.
                  | (rPois) [potion of mutation]
  5431 | D:6      | Gained mutation: Your magical capacity is low. (-10% MP)
                  | [potion of mutation]
  5431 | D:6      | Gained mutation: You have sharp fingernails. [potion of
                  | mutation]
  5431 | D:6      | Gained mutation: You are partially covered in large bone
                  | plates. (SH +4) [potion of mutation]
  5431 | D:6      | Succumbed to an orc's poison

Table legend: (Time is in decaauts)
 A = Elapsed time spent in this place.
 B = Non-inter-level travel time spent in this place.
 C = Inter-level travel time spent in this place.
 D = Time resting spent in this place.
 E = Time spent auto-exploring this place.
 F = Levels seen in this place.
 G = Mean time per level.
                   A        B        C        D        E       F      G
               +--------+--------+--------+--------+--------+-----+--------+
         Total |   3889 |   3775 |    114 |    878 |   1999 |   6 |  648.2 |
       Dungeon |   3889 |   3775 |    114 |    878 |   1999 |   6 |  648.2 |
               +--------+--------+--------+--------+--------+-----+--------+

Top non-repeatable levels by time:
     D:5: 1057 daAuts
     D:4: 1011 daAuts
     D:3: 801 daAuts
     D:1: 596 daAuts
     D:2: 387 daAuts
     D:6: 33 daAuts

Table legend:
 A = Kills in this place as a percentage of kills in the entire game.
 B = Kills by you in this place as a percentage of kills by you in the entire game.
 C = Kills by friends in this place as a percentage of kills by friends in the entire game.
 D = Other kills in this place as a percentage of other kills in the entire game.
 E = Experience gained in this place as a percentage of experience gained in the entire game.
 F = Experience gained in this place divided by the number of levels of this place that you have seen.
                   A       B       C       D       E      F
               +-------+-------+-------+-------+-------+----------------------
         Total | 100.0 | 100.0 |   N/A |   N/A | 100.0 | 251.3
       Dungeon | 100.0 | 100.0 |   N/A |   N/A | 100.0 | 251.3
               +-------+-------+-------+-------+-------+----------------------

Skill      XL: |  1  2  3  4  5  6  7 |
---------------+----------------------+-----
Staves         | 3 5 6 7 |  7.6
Fighting       | |  1.5
Throwing       | |  2.0
Dodging        | |  4.0

Action                     |  1- 3 |  4- 6 |  7- 9 || total
---------------------------+-------+-------+-------++-------
  Melee: Quarterstaff      |   129 |    68 |   138 ||   335
         Spear             |       |       |     7 ||     7
  Throw: Stone             |     9 |    14 |    24 ||    47
         Boomerang         |    15 |     7 |     3 ||    25
         Throwing net      |       |     2 |       ||     2
         Dart              |       |    10 |    28 ||    38
    Use: Potion            |       |       |     2 ||     2
   Stab: Sleeping          |     2 |     2 |     1 ||     5
         Held in net/web   |       |     5 |       ||     5
 Armour: Robe              |    38 |    27 |    53 ||   118
  Dodge: Dodged            |   124 |    49 |   110 ||   283

Vanquished Creatures
  Sigmund (D:3)
  The ghost of greatermn the Conjurer, an amateur DECj (D:4)
  A black bear (D:4)
  2 ogres
  3 scorpions
  A jelly (D:4)
  A bombardier beetle (D:4)
  A sleepcap (D:5)
  An orc wizard (D:4)
  2 iguanas (D:5)
  4 gnolls (D:4)
  8 adders
  2 ribbon worms (D:2)
  9 orcs
  4 endoplasms
  A giant cockroach (D:4)
  3 goblins (D:2)
  3 hobgoblins (D:1)
  6 jackals
  5 quokkas
  7 ball pythons
  5 bats
  5 frilled lizards
  8 kobolds
  4 rats
88 creatures vanquished.

Vanquished Creatures (others)
  An arcanist (D:3)
1 creature vanquished.

Grand Total: 89 creatures vanquished
